 Dungeon Crawl Stone Soup version 0.29.1-15-g9cfb28693d (webtiles) character file.

Game seed: 17067034204814889246

167 growler the Ruffian (level 5, -2/40 HPs)
             Began as a Draconian Transmuter on Feb 24, 2023.
             Slain by an orc
             ... wielding a +0 flail
              (7 damage)
             ... on level 3 of the Dungeon.
             The game lasted 00:05:48 (3576 turns).

growler the Ruffian (Draconian Transmuter)          Turns: 3576, Time: 00:05:49

Health: -2/40      AC:  5    Str: 12    XL:     5   Next: 23%
Magic:  9/9        EV: 12    Int: 16    God:
Gold:   126        SH:  0    Dex: 11    Spells: 4/10 levels left

rFire   . . .      SeeInvis .     - Unarmed
rCold   . . .      Faith    .   (no shield)
rNeg    . . .      Spirit   .   (body armour unavailable)
rPois   .          Reflect  .   (helmet restricted)
rElec   .          Harm     .   (no cloak)
rCorr   .          Rampage  .   (no gloves)
Will    .....                   (no boots)
Stlth   +.........              (no amulet)
HPRegen 0.13/turn               (no ring)
MPRegen 0.11/turn               (no ring)

@: no status effects
A: AC +5, unfitting armour, cold-blooded
a: no special abilities


You were on level 3 of the Dungeon.
You visited 1 branch of the dungeon, and saw 3 of its levels.

You collected 126 gold pieces.

Inventory:

Jewellery
 f - a ring of wizardry
Scrolls
 b - a scroll of silence {unknown}
 g - 2 scrolls of noise {unknown}
 i - a scroll of teleportation {unknown}
Potions
 a - a potion of lignification
 c - a potion of curing {unknown}
 d - a potion of might {unknown}
 h - 2 potions of degeneration {unknown}
 j - 2 potions of heal wounds {unknown}
 k - a potion of flight {unknown}
 l - a potion of cancellation {unknown}


   Skills:
 - Level 1.1 Fighting
 - Level 1.7 Dodging
 + Level 4.3 Unarmed Combat
 - Level 3.0 Spellcasting
 + Level 3.7 Transmutations


You had 4 spell levels left.
You knew the following spells:

 Your Spells              Type           Power      Damage    Failure   Level
a - Beastly Appendage     Tmut           28%        N/A       4%          1
b - Wereblood             Tmut           14%        N/A       6%          2
c - Spider Form           Tmut/Pois      8%         N/A       26%         3

Your spell library contained the following spells:

 Spells                   Type           Power      Damage    Failure   Level
 Dazzling Flash           Conj/Hex       4%         N/A       50%         3
 Ice Form                 Ice/Tmut       8%         N/A       65%         4
 Iskenderun's Mystic Bla  Conj/Tloc      2%         2d3       88%         4
 Starburst                Conj/Fire      1%         6d3       100%        6


Dungeon Overview and Level Annotations

Branches:
Dungeon (3/15)

Altars:


Innate Abilities, Weirdness & Mutations

Your plain brown scales are hard. (AC +5)
You cannot fit into any form of body armour.
You are cold-blooded and may be slowed by cold attacks.


Message History

You aren't carrying any items that you can evoke.
You hit the orc wizard but do no damage.
Your kick misses the orc wizard. Your headbutt misses the orc wizard.
The orc wizard is almost dead.
The orc wizard mumbles some strange words.
The orc wizard flickers and vanishes!
Deactivating autopickup; reactivate with Ctrl-A.
The orc hits you but does no damage. The orc attacks as you move away!
The orc barely misses you.
Throw: throwing net
Press: ? - help, Shift-Dir - straight line, f - orc
Aim: an orc, wielding a +0 flail and wearing a +0 chain mail (62% to hit)
You throw a throwing net. The throwing net hits the orc.
The orc is caught in the net!
Your horns disappear.
Your talons disappear.
Something hits you but does no damage.
The orc struggles against the net.
You hit something.
Your tail-slap misses something.
Something hits you.
* * * LOW HITPOINT WARNING * * *
The orc struggles against the net.
Unknown command.
You hit something.
Reactivating autopickup.
You feel a bit more experienced. The bat misses you.
The orc struggles against the net.
The bat barely misses you.
The orc struggles against the net.
Items here: ))) [ †.
You hit the orc but do no damage. The bat closely misses you.
The orc struggles against the net.
You strike the helpless orc from behind!
You hit the orc.
The orc is lightly wounded.
The bat misses you.
The orc struggles against the net.
The net rips apart, and the orc comes free!
You hit the orc but do no damage.
The orc is lightly wounded.
The bat hits you but does no damage. The orc closely misses you.
You hit the orc but do no damage.
The orc is lightly wounded.
The bat closely misses you. The orc hits you with a +0 flail!
You die...

....................<.....#
##.###########.############
#.......................#
#..)....###############.#
#.....#.# #.# #.....#.# #.#
##.....#.######### #.#
#...####.#.....bo# #.#
...## #.# #####@# #.# .#.#
#.# #...#.# #.# ##.# #.#
#.#.#.# #.# ##.. ..#
#.....# #.# ########
###.### #.# ........ #.#
#.# ######## #.# #.# #.#
#.# #.# #.#


You could see an orc and a bat.

Vanquished Creatures
  An orc wizard (D:3)
  6 adders
  A worm (D:2)
  2 dart slugs
  4 orcs (D:3)
  6 ball pythons
  4 bats
  8 endoplasms
  A giant cockroach (D:1)
  5 goblins
  11 hobgoblins
  5 jackals
  3 kobolds
  5 quokkas
  5 frilled lizards
  5 rats
72 creatures vanquished.

Vanquished Creatures (others)
  3 plants (D:3)
3 creatures vanquished.

Grand Total: 75 creatures vanquished

Notes
Turn   | Place    | Note
-------+----------+-------------------------------------------
     0 | D:1      | growler the Draconian Transmuter began the quest for the
                  | Orb.
     0 | D:1      | Reached XP level 1. HP: 16/16 MP: 3/3
   282 | D:1      | Reached XP level 2. HP: 22/23 MP: 5/5
  1011 | D:1      | Reached XP level 3. HP: 16/28 MP: 6/6
  2058 | D:2      | Reached XP level 4. HP: 31/35 MP: 8/8
  2320 | D:2      | Learned a level 2 spell: Wereblood
  2324 | D:2      | Learned a level 3 spell: Spider Form
  2998 | D:3      | Reached skill level 4 in Unarmed Combat
  3297 | D:3      | Found a faded altar of an unknown god.
  3547 | D:3      | Reached XP level 5. HP: 40/40 MP: 9/9
  3576 | D:3      | Slain by an orc

Illustrated notes

Levels and vault maps discovered:
D:1:      dreamdust_arrival_sigmund_warning, layout_basic
D:2:      layout_basic, st_stairs_4, minmay_tromino_v4_a
D:3:      layout_basic, chequers_ecumenical_altar_simple_redux, serial_forest,
          infiniplex_forest_lined_corner, infiniplex_forest_clump_curved,
          infiniplex_forest_zigzag_1, infiniplex_forest_straight_2,
          infiniplex_forest_straight_2, infiniplex_forest_straight_3,
          infiniplex_forest_straight_2, kennysheep_generic_room_12

Skill      XL: |  1  2  3  4 |
---------------+-------------+-----
Transmutations | 3 |  3.7
Spellcasting   | 3 |  3.0
Unarmed Combat | 4 |  4.3
Fighting       | |  1.1
Dodging        | |  1.7

Action                   |  1- 3 |  4- 6 || total
-------------------------+-------+-------++-------
Melee: Unarmed           |   162 |   104 ||   266
       Tailslap          |    19 |    14 ||    33
       Punch             |     7 |     1 ||     8
       Kick              |     6 |     4 ||    10
       Headbutt          |     4 |     2 ||     6
Throw: Throwing net      |       |     1 ||     1
 Cast: Beastly Appendage |     3 |     3 ||     6
 Stab: Sleeping          |     2 |       ||     2
       Held in net/web   |       |     1 ||     1
Armor: Skin              |    61 |    38 ||    99
Dodge: Dodged            |   116 |    61 ||   177
